 Dungeon Crawl Stone Soup version 0.20.1-1-g8b1a95d (webtiles) character file.

22019 vineage the Blocker (level 12, 0/75 HPs)
             Began as a Gargoyle Fighter on Sept 12, 2017.
             Was the Champion of Okawaru.
             Killed by divine providence
             ... invoked by a meliai
              (11 damage)
             ... on level 4 of the Lair of Beasts.
             The game lasted 00:24:53 (11580 turns).

vineage the Blocker (Gargoyle Fighter)             Turns: 11580, Time: 00:24:54

Health: 0/75       AC: 27    Str: 27    XL:     12   Next: 96%
Magic:  12/12      EV: 13    Int: 14    God:    Okawaru [******]
Gold:   539        SH: 21    Dex: 10    Spells: 11/11 levels left

rFire    . . .     SeeInvis +   C - +1 flail (holy)
rCold    + . .     Gourm    .   I - +2 shield {reflect}
rNeg     + . .     Faith    .   a - +1 plate armour {rC+}
rPois    ∞         Spirit   .   R - +0 hat {Int+3}
rElec    +         Reflect  +   H - +1 cloak
rCorr    .         Harm     .   Q - +0 pair of gloves
MR       .....                  (no boots)
Stlth    ..........             t - +5 amulet of reflection
Regen    0.3/turn               U - ring of see invisible
MPRegen  0.2/turn               y - +5 ring of evasion

@: mighty, flying, hasted, very quick
A: hooves 1, mutation resistance 1, negative energy resistance 1, electricity
resistance, unbreathing, petrification resistance, rot immunity, AC +8
a: Heroism, Finesse, Renounce Religion


You were on level 4 of the Lair of Beasts.
You worshipped Okawaru.
Okawaru was exalted by your worship.
You were very hungry.

You visited 3 branches of the dungeon, and saw 15 of its levels.
You also visited: Sewer.

You collected 798 gold pieces.
You spent 259 gold pieces at shops.

Inventory:

Hand Weapons
 C - a +1 flail of holy wrath (weapon)
Missiles
 O - 2 needles of confusion
 S - 2 poisoned javelins (quivered)
Armour
 a - a +1 plate armour of cold resistance (worn)
 H - a +1 cloak (worn)
 I - a +2 shield of reflection (worn)
 Q - a +0 pair of gloves (worn)
 R - a +0 hat of intelligence (worn)
 Y - the +0 helmet "Kirab" {rPois Regen+ Str-5 Int-2}
   (Okawaru gifted it to you on level 3 of the Lair of Beasts)

   It affects your strength (-5).
   It affects your intelligence (-2).
   It protects you from poison.
   It increases your rate of regeneration.
Jewellery
 b - an uncursed amulet of the gourmand {unknown}
 e - an uncursed ring of magical power
 m - an uncursed ring of protection from cold
 p - an uncursed amulet of rage {unknown}
 t - a +5 amulet of reflection (around neck)
 y - a +5 ring of evasion (right hand)
 F - a +2 ring of intelligence
 U - a ring of see invisible (left hand)
 W - a +4 ring of evasion
 Z - an uncursed ring of protection from cold
Wands
 G - a wand of disintegration (8/24)
 J - a wand of random effects (39/48)
 K - a wand of digging (13/24)
 M - a wand of random effects (21/48)
 N - a wand of acid (6/15)
 P - a wand of acid (4/15)
 T - a wand of disintegration (11/24)
 X - a wand of iceblast (7/15)
Scrolls
 j - 3 scrolls of enchant weapon
 l - 6 scrolls of remove curse
 n - a scroll of recharging
 o - 2 scrolls of identify
 r - 6 scrolls of teleportation
 v - 3 scrolls of magic mapping
 x - 4 scrolls of blinking
 A - 2 scrolls of enchant armour
 D - a scroll of amnesia
 L - a scroll of fear
 V - a scroll of fog
Potions
 c - 2 potions of lignification
 d - a potion of might
 k - 3 potions of magic
 q - 8 potions of curing
 u - 2 potions of flight
 w - 2 potions of haste
 z - 2 potions of agility
 B - 2 potions of brilliance
Books
 E - a book of the Earth

   Spells                             Type                      Level
   a - Leda's Liquefaction            Hexes/Earth                  4
   b - Bolt of Magma                  Conjuration/Fire/Earth       5
   c - Statue Form                    Transmutation/Earth          6
   d - Iron Shot                      Conjuration/Earth            6
   e - Shatter                        Earth                        9
Comestibles
 f - 6 bread rations
 g - 10 fruits
 h - 4 royal jellies
 s - 6 meat rations


   Skills:
 + Level 8.8 Fighting
 + Level 12.1 Maces & Flails
 + Level 8.4 Armour
 + Level 2.1 Dodging
 + Level 1.3 Stealth
 + Level 14.8 Shields
 + Level 1.0 Invocations


You had 11 spell levels left.
You didn't know any spells.

Dungeon Overview and Level Annotations

Branches:
Dungeon (10/15)            Temple (1/1) D:4            Lair (4/6) D:9
  Snake (0/4) Lair:2
  Swamp: Lair:2-4    Shoals: Lair:2-4       Orc: D:9-12

Altars:
Ashenzari
Cheibriados
Dithmenos
Elyvilon
Fedhas
Gozag
Hepliaklqana
Kikubaaqudgha
Makhleb
Nemelex Xobeh
Okawaru
Qazlal
Ru
Sif Muna
Trog
Uskayaw
Vehumet
Xom
Yredelemnul
Zin
The Shining One

Shops:
D:8 [*   D:9 [

Annotations:
Lair:2 exclusion: oklob plant
Lair:4 exclusion: 3 oklob plants


Innate Abilities, Weirdness & Mutations

You are resistant to torment.
Your stone body is resilient. (AC +8)
You are immune to poison.
You resist negative energy. (rN+)
You are resistant to electric shocks. (rElec)
You can survive without breathing.
You are immune to petrification.
You are immune to rotting.
You have large cloven feet.
You are somewhat resistant to further mutation.


Message History

The killer bee poisons the plant!
The killer bee stings the plant but does no damage.
The killer bee stings the plant.
The killer bee stings something.
The killer bee closely misses you.
The killer bee stings something but does no damage.
You block the killer bee's attack.
Found an escape hatch in the floor.
The killer bee stings something. x2
The killer bee stings something but does no damage.
A water moccasin comes into view.
The water moccasin hisses angrily.
The killer bee stings something.
You block the meliai's attack. x2
You block the killer bee's attack.
The killer bee stings something but does no damage.
You thump the water moccasin! You kick the water moccasin!
The water moccasin is severely wounded.
The water moccasin misses you.
The meliai calls down the wrath of its god upon you.
Something smites you!
You die...

.........#...
.##..+####.#. ........
#.....## # ...#....
....##.### .......
P..###÷..### ###.....
......)....###.#.#.##+##
......y.yy...y.y.......#
.........P#yy#y#.#...#
.......yyP##.yyy@S.#
........y.#.##.###>#
..........## #... #
P.#.#####.# .##... ..###
### ## ..... #.# #.#.
#†# ## #y.# ##y.#


You could see a water moccasin, a meliai and 7 killer bees.

Vanquished Creatures
  Gastronok (Lair:2)
  4 hydras
  Sonja (Lair:2)
  Nergalle (D:9)
  The ghost of Rhok the Spear-Bearer, a novice MfFi of Okawaru (D:9)
  Maurice (D:7)
  5 elephants (Lair:3)
  A black mamba (Lair:3)
  5 spiny frogs
  A rime drake (Lair:2)
  A komodo dragon (Lair:2)
  A polar bear (Lair:3)
  2 hippogriffs (D:9)
  8 blink frogs (Lair:3)
  A wraith (D:6)
  8 yaks
  Grum (D:9)
  A steam dragon (D:8)
  Edmund (D:6)
  6 nagas (Lair:2)
  7 water moccasins
  3 ice beasts
  8 porcupines
  Duvessa (D:5)
  A phantom (D:9)
  A black bear (D:6)
  A hornet zombie (D:9)
  3 orc warriors
  15 wolves
  2 ogres
  A necrophage (D:7)
  4 centaurs
  7 crocodiles
  3 bullfrogs
  Dowan (D:5)
  A water moccasin zombie (D:5)
  A wyvern skeleton (D:7)
  A scorpion (D:7)
  15 killer bees
  6 wights
  2 vampire bats (D:2)
  3 howler monkeys
  3 crimson imps
  3 quasits
  4 orc priests
  6 orc wizards
  2 bullfrog skeletons (D:5)
  A hound (D:5)
  2 jellies
  A centaur skeleton (D:8)
  A gnoll shaman (D:6)
  An iguana (D:7)
  7 worker ants
  2 hound skeletons (D:9)
  A worker ant zombie (D:10)
  12 adders
  11 gnolls
  2 howler monkey skeletons
  A river rat (Sewer)
  A shadow imp (D:5)
  An adder skeleton (D:9)
  2 adder zombies
  5 worms
  2 dart slugs
  3 leopard geckos
  38 orcs
  4 ball pythons
  8 bats
  3 bat skeletons (D:2)
  3 bat zombies (D:2)
  9 giant cockroaches
  14 goblins
  11 hobgoblins
  12 jackals
  7 quokkas
  10 frilled lizards
  9 kobolds
  A quokka skeleton (D:4)
  14 rats
355 creatures vanquished.

Vanquished Creatures (others)
  A centaur (D:9)
  An orc wizard (D:8)
  An orc (D:8)
  2 jackals (D:8)
  5 fungi
  2 plants
12 creatures vanquished.

Grand Total: 367 creatures vanquished

Notes
Turn   | Place    | Note
-------+----------+-------------------------------------------
     0 | D:1      | vineage the Gargoyle Fighter began the quest for the Orb.
     0 | D:1      | Reached XP level 1. HP: 14/14 MP: 1/1
   134 | D:1      | Reached XP level 2. HP: 17/19 MP: 2/2
   322 | D:1      | Reached XP level 3. HP: 18/23 MP: 3/3
   885 | D:2      | Reached XP level 4. HP: 26/28 MP: 4/4
  1118 | D:2      | Found a white marble altar of Elyvilon.
  1214 | D:2      | Found an ancient bone altar of Kikubaaqudgha.
  1228 | D:2      | Reached skill level 4 in Shields
  1228 | D:2      | Reached XP level 5. HP: 28/33 MP: 5/5
  1561 | D:2      | Found a burning altar of Makhleb.
  1561 | D:2      | Found a shimmering altar of Xom.
  2024 | D:3      | Reached XP level 6. HP: 38/38 MP: 6/6
  2044 | D:3      | Found a glowing drain.
  2075 | Sewer    | Entered a sewer
  2816 | D:4      | Found a shattered altar of Ashenzari.
  2985 | D:4      | Reached skill level 5 in Maces & Flails
  3210 | D:4      | Found a staircase to the Ecumenical Temple.
  3219 | Temple   | Entered the Ecumenical Temple
  3538 | D:5      | Entered Level 5 of the Dungeon
  3566 | D:5      | Reached skill level 5 in Shields
  3566 | D:5      | Reached XP level 7. HP: 43/43 MP: 7/7
  3671 | D:5      | Reached skill level 1 in Dodging
  3721 | D:5      | Noticed Duvessa
  3721 | D:5      | Noticed Dowan
  3736 | D:5      | Killed Duvessa
  3741 | D:5      | Killed Dowan
  3741 | D:5      | Reached skill level 6 in Shields
  3741 | D:5      | Reached XP level 8. HP: 45/48 MP: 8/8
  4187 | D:5      | Found a stormy altar of Qazlal.
  4418 | D:6      | Reached skill level 5 in Armour
  4446 | D:6      | Noticed Edmund
  4483 | D:6      | Killed Edmund
  4483 | D:6      | Reached skill level 5 in Fighting
  4483 | D:6      | Reached skill level 7 in Shields
  4513 | D:6      | Gained mutation: Your mind is acute. (Int +2) [potion of mutation]
  4513 | D:6      | Gained mutation: You passively map a small area around you. [potion of mutation]
  4583 | D:6      | Found a sacrificial altar of Ru.
  4948 | D:6      | Reached XP level 9. HP: 36/54 MP: 9/9
  5280 | D:6      | Reached skill level 8 in Shields
  5490 | D:7      | Found a sparkling altar of Nemelex Xobeh.
  5490 | D:7      | Found a radiant altar of Vehumet.
  5740 | D:7      | Found an iron altar of Okawaru.
  5771 | D:7      | Became a worshipper of Warmaster Okawaru
  5890 | D:7      | Reached skill level 9 in Shields
  6013 | D:8      | Found Zin's Purification Station.
  6013 | D:8      | Found a glowing silver altar of Zin.
  6013 | D:8      | Noticed Maurice
  6030 | D:7      | Killed Maurice
  6101 | D:7      | Reached * piety under Okawaru
  6228 | D:8      | Reached XP level 10. HP: 30/60 MP: 10/10
  6430 | D:8      | Found a bloodstained altar of Trog.
  6438 | D:8      | Reached skill level 1 in Stealth
  6602 | D:8      | Reached skill level 10 in Shields
  6656 | D:8      | Found Hoigoinom's Armour Shop.
  6664 | D:8      | Bought a +2 shield of reflection for 259 gold pieces
  6906 | D:8      | You fall through a shaft for 2 floors!
  6906 | D:10     | Entered Level 10 of the Dungeon
  7211 | D:9      | Reached ** piety under Okawaru
  7268 | D:9      | Noticed Rhok's ghost (novice MfFi)
  7282 | D:9      | Killed Rhok's ghost
  7300 | D:9      | Reached skill level 11 in Shields
  7364 | D:9      | Found a staircase to the Lair.
  7572 | D:9      | Found Limaon's Armour Emporium.
  7604 | D:9      | Noticed Grum
  7619 | D:9      | Killed Grum
  7679 | D:9      | Reached *** piety under Okawaru
  7811 | D:9      | Lost mutation: Your mind is acute. (Int +2) [potion of mutation]
  7811 | D:9      | Lost mutation: You passively map a small area around you. [potion of mutation]
  7811 | D:9      | Gained mutation: You are somewhat resistant to further mutation. [potion of mutation]
  7811 | D:9      | Gained mutation: Your flesh is heat resistant. (rF+) [potion of mutation]
  7811 | D:9      | Gained mutation: You are somewhat resistant to both further mutation and mutation removal. [potion of mutation]
  7850 | Lair:1   | Entered Level 1 of the Lair of Beasts
  7854 | Lair:1   | Noticed Nergalle
  7863 | Lair:1   | Noticed a four-headed hydra
  7917 | D:9      | Killed Nergalle
  7917 | D:9      | Reached skill level 10 in Maces & Flails
  7917 | D:9      | Reached XP level 11. HP: 63/67 MP: 11/11
  7935 | Lair:1   | Killed a four-headed hydra
  7935 | Lair:1   | Reached **** piety under Okawaru
  7935 | Lair:1   | Reached skill level 12 in Shields
  8268 | Lair:1   | Noticed a four-headed hydra
  8285 | Lair:1   | Killed a four-headed hydra
  8428 | Lair:1   | Reached ***** piety under Okawaru
  8501 | Lair:1   | Received a gift from Okawaru
  8556 | Lair:1   | Lost mutation: You are somewhat resistant to both further mutation and mutation removal. [potion of mutation]
  8556 | Lair:1   | Lost mutation: Your flesh is heat resistant. (rF+) [potion of mutation]
  8556 | Lair:1   | Lost mutation: You are somewhat resistant to further mutation. [potion of mutation]
  8556 | Lair:1   | Gained mutation: You have large cloven feet. [potion of mutation]
  8556 | Lair:1   | Gained mutation: You are somewhat resistant to further mutation. [potion of mutation]
  9185 | Lair:2   | Noticed Gastronok
  9217 | Lair:2   | Killed Gastronok
  9217 | Lair:2   | Reached skill level 13 in Shields
  9537 | Lair:2   | Received a gift from Okawaru
  9548 | Lair:2   | Reached XP level 12. HP: 73/73 MP: 12/12
  9576 | Lair:2   | Found a staircase to the Snake Pit.
  9589 | Lair:2   | Noticed Sonja
  9604 | Lair:2   | Killed Sonja
  9793 | Lair:2   | You fall through a shaft for 2 floors!
  9793 | Lair:4   | Noticed a seven-headed hydra
  9808 | Lair:4   | Killed a seven-headed hydra
  9808 | Lair:4   | Received a gift from Okawaru
 10151 | Lair:3   | Reached ****** piety under Okawaru
 10340 | Lair:3   | Noticed a five-headed hydra
 10346 | Lair:3   | Killed a five-headed hydra
 10346 | Lair:3   | Reached skill level 14 in Shields
 10755 | Lair:3   | Found a dark tunnel.
 10771 | Lair:3   | Reached skill level 1 in Invocations
 10959 | Lair:3   | Received a gift from Okawaru
 11009 | Lair:3   | Got a faintly humming helmet {god gift}
 11020 | Lair:3   | Identified the +0 helmet "Kirab" {rPois Regen+ Str-5 Int-2} (Okawaru gifted it to you on level 3 of the Lair of Beasts)
 11580 | Lair:4   | Killed from afar by a meliai

Skill      XL: |  1  2  3  4  5  6  7  8  9 10 11 12 |
---------------+-------------------------------------+-----
Maces & Flails | 3 4 5 6 7 8 10 12 | 12.1
Shields        | 4 5 6 7 9 11 13 14 | 14.8
Fighting       | 4 5 6 7 8 |  8.8
Armour         | 4 5 6 7 8 |  8.4
Dodging        | 1 2 |  2.1
Stealth        | 1 |  1.3
Invocations    | 1 |  1.0

Action                   |  1- 3 |  4- 6 |  7- 9 | 10-12 || total
-------------------------+-------+-------+-------+-------++-------
Melee: Flail             |   155 |   410 |   570 |  1025 ||  2160
       Kick              |       |       |       |   152 ||   152
Invok: Heroism           |       |       |       |     4 ||     4
       Finesse           |       |       |       |     1 ||     1
  Use: Scroll            |       |     9 |     6 |     9 ||    24
       Potion            |       |     2 |     5 |     9 ||    16
  Eat: Chunk             |       |     8 |     6 |    17 ||    31
       Meat ration       |       |       |     1 |       ||     1
       Fruit             |       |       |       |     2 ||     2
Armor: Scale mail        |    64 |       |       |       ||    64
       Plate armour      |    26 |   309 |   277 |   465 ||  1077
Dodge: Dodged            |    34 |    80 |   183 |   387 ||   684
Block: Shield            |    98 |   285 |   561 |  1272 ||  2216
       Reflection        |       |       |     4 |    14 ||    18
